AoeStats
← Cebel-i Kebir

Black Forest

509729344Analyzed
3v3 RM · 3d ago on Sep 27, 2026· 64m 34s· 6 players
Game mode
Random Map
Map size
Normal (6 player)
Population
200
Speed
Normal
Resources
Standard
Victory
Conquest
Starting age
Dark Age
Ending age
Imperial Age
RankedLock teamsTeams togetherTeam positionsShared explorationLock speedFull tech treeHidden civsTurbo modeCheats
Victory
Defeat
🇫🇷 Tatars · France
686
+15
🇪🇸 Vietnamese · Spain
651
+16
🇫🇷 Franks · France
633
+18
🇩🇪 Persians · Germany
673
-17
🇩🇪 Magyars · Germany
665
-16
🇩🇪 Italians · Germany
644
-16
HALOF
13:49 Feudal Age
14:41 Double-Bit Axe
15:58 Gold Mining
18:49 Castle Age
19:51 Forging
21:39 Bow Saw
26:49 Wheelbarrow
29:01 Gold Shaft Mining
34:55 Imperial Age
35:35 Stone Mining
36:24 Iron Casting
35:17 Cavalier
36:18 Hand Cart
36:29 Caravan
37:08 Scale Barding Armor
39:41 Elite Throwing Axeman
42:03 Blast Furnace
42:50 Loom
43:18 Paladin
44:39 Chain Barding Armor
46:06 Ordonnance Companies
51:32 Chivalry
Xav314
3:05 Loom
14:02 Feudal Age
21:40 Castle Age
20:09 Double-Bit Axe
21:43 Horse Collar
27:24 Heavy Plow
27:40 Gold Mining
28:40 Bow Saw
31:39 Gold Shaft Mining
31:34 Fishing Lines
32:09 Fortified Wall
36:10 Imperial Age
34:34 Wheelbarrow
34:03 Gillnets
34:46 Caravan
34:51 Stone Mining
35:11 Scale Barding Armor
35:50 Hand Cart
35:37 Demolition Ship
36:37 Forging
36:49 Chain Barding Armor
36:21 Fletching
37:44 Crop Rotation
37:24 Elite Keshik
38:25 Conscription
38:17 Timurid Siegecraft
39:03 Iron Casting
38:41 Treadmill Crane
40:02 Chemistry
39:23 Ballistics
40:21 Bodkin Arrow
41:28 Blast Furnace
41:04 Plate Barding Armor
40:29 Murder Holes
41:44 Squires
41:04 Pikeman
41:30 Arson
41:51 Halberdier
42:09 Capped Ram
43:46 Bracer
43:47 Padded Archer Armor
43:47 Scale Mail Armor
44:04 Silk Armor
44:17 Siege Ram
45:07 Heavy Scorpion
47:24 Masonry
47:36 Siege Engineers
47:49 Leather Archer Armor
51:18 Onager
Audocios
0:30 Loom
15:38 Feudal Age
17:08 Horse Collar
17:33 Stone Mining
17:37 Gold Mining
17:55 Double-Bit Axe
20:33 Wheelbarrow
20:57 Fishing Lines
24:49 Castle Age
23:13 Man-at-Arms
25:08 Bloodlines
25:34 Heavy Plow
26:11 Stone Shaft Mining
26:47 Bow Saw
27:05 Husbandry
28:23 Hand Cart
28:47 Town Watch
30:15 Town Patrol
33:34 Forging
33:30 Scale Barding Armor
33:25 Padded Archer Armor
33:28 Scale Mail Armor
34:02 Caravan
36:59 Imperial Age
36:48 Murder Holes
37:04 Fortified Wall
37:38 Chain Barding Armor
37:09 Fletching
37:34 Leather Archer Armor
37:35 Chain Mail Armor
37:43 Ballistics
36:49 Crossbowman
39:20 Two-Man Saw
38:53 Crop Rotation
38:58 Chatras
39:22 Paper Money
40:04 Siege Engineers
40:13 Chatras
40:37 Heated Shot
40:44 Bodkin Arrow
41:14 Elite Battle Elephant
41:17 Elite Skirmisher
43:48 Plate Barding Armor
43:22 Squires
43:08 Arson
42:43 Pikeman
42:47 Long Swordsman
42:54 Imperial Skirmisher
43:45 Thumb Ring
45:07 Hoardings
47:23 Iron Casting
47:19 Plate Mail Armor
47:19 Ring Archer Armor
46:49 Bracer
48:37 Halberdier
50:35 Arbalester
59:51 Elite Rattan Archer
62:17 Elite Fire Lancer
62:17 Two-Handed Swordsman
64:03 Hoardings
oemerayan
0:28 Loom
14:29 Feudal Age
20:16 Castle Age
18:04 Horse Collar
20:19 Double-Bit Axe
23:43 Bow Saw
31:40 Imperial Age
30:42 Padded Archer Armor
30:32 Fletching
30:49 Scale Barding Armor
30:55 Forging
30:45 Scale Mail Armor
31:10 Gold Mining
32:57 Conscription
32:57 Leather Archer Armor
32:38 Bodkin Arrow
33:04 Chain Barding Armor
32:44 Elite Skirmisher
33:30 Thumb Ring
34:46 Wheelbarrow
35:43 Ring Archer Armor
35:49 Iron Casting
35:30 Chain Mail Armor
35:09 Town Watch
35:43 Hand Cart
36:07 Bracer
37:53 Chemistry
37:04 Fortified Wall
37:36 Murder Holes
38:06 Ballistics
40:12 Plate Barding Armor
40:38 Blast Furnace
42:42 Husbandry
42:53 Bloodlines
42:04 Light Cavalry
44:18 Hussar
47:18 Plate Mail Armor
51:45 Pikeman
52:26 Squires
Cebel-i Kebir
11:37 Feudal Age
12:33 Double-Bit Axe
14:18 Gold Mining
16:33 Horse Collar
23:03 Castle Age
21:33 Stone Mining
25:03 Bow Saw
24:57 Heavy Plow
25:38 Gold Shaft Mining
29:25 Caravan
29:22 Pikeman
30:19 Husbandry
32:38 Loom
33:28 Wheelbarrow
32:39 Town Watch
36:52 Imperial Age
37:43 Hand Cart
37:28 Town Patrol
37:58 Bloodlines
38:39 Crop Rotation
39:48 Two-Man Saw
38:30 Halberdier
38:55 Arson
40:50 Corvinian Army
40:51 Recurve Bow
40:12 Elite Magyar Huszar
41:13 Conscription
42:00 Cavalier
42:33 Treadmill Crane
43:14 Ballistics
43:54 Chemistry
42:51 Murder Holes
43:06 Masonry
43:05 Scale Barding Armor
43:01 Scale Mail Armor
43:01 Padded Archer Armor
42:51 Fletching
44:57 Paladin
49:45 Chain Barding Armor
49:40 Chain Mail Armor
49:41 Leather Archer Armor
49:21 Bodkin Arrow
54:46 Plate Barding Armor
54:42 Ring Archer Armor
55:10 Coinage
60:56 Bracer
sulox32
0:42 Loom
12:03 Feudal Age
15:55 Stone Mining
17:55 Gold Mining
19:46 Horse Collar
21:22 Double-Bit Axe
23:47 Town Watch
26:50 Castle Age
27:24 Husbandry
27:36 Bloodlines
29:57 Town Patrol
30:20 Bow Saw
31:18 Heavy Plow
32:25 Stone Shaft Mining
36:22 Gold Shaft Mining
40:47 Imperial Age
41:02 Cavalier
46:29 Wheelbarrow
48:53 Savar
62:29 Two-Man Saw
62:01 Crop Rotation
64:35 Kamandaran
Connection lost

Rejoining the realm…

Still unreachable

The connection could not be restored.

Session expired

The server has moved on; the page needs a fresh start.